 Dungeon Crawl Stone Soup version 0.28.0-43-g3370ac3207 (webtiles) character file.

Game seed: 9151443048630315255

21 protoss039 the Digger (level 2, 0/15 HPs)
             Began as a Deep Elf Earth Elementalist on Mar 14, 2022.
             Slain by a water moccasin skeleton (5 damage)
             ... on level 2 of the Dungeon.
             The game lasted 00:01:27 (1773 turns).

protoss039 the Digger (Deep Elf Earth Elementalist) Turns: 1773, Time: 00:01:28

Health: 0/15       AC:  2    Str:  5    XL:     2   Next: 62%
Magic:  6/8        EV: 12    Int: 19    God:
Gold:   31         SH:  0    Dex: 15    Spells: 4/7 levels left

rFire   + . .      SeeInvis .   d - +0 short sword
rCold   . . .      Faith    .   (no shield)
rNeg    . . .      Spirit   .   b - +0 robe
rPois   .          Reflect  .   (no helmet)
rElec   .          Harm     .   (no cloak)
rCorr   .          Rampage  .   (no gloves)
Will    .....                   (no boots)
Stlth   ++........              (no amulet)
HPRegen 0.05/turn               e - ring of protection from fire
MPRegen 0.11/turn               (no ring)

@: no status effects
A: no striking features
a: no special abilities


You were on level 2 of the Dungeon.
You visited 1 branch of the dungeon, and saw 2 of its levels.

You collected 31 gold pieces.

Inventory:

Hand Weapons
 d - a +0 short sword (weapon)
Missiles
 c - 32 stones
Armour
 b - a +0 robe (worn)
Jewellery
 e - a ring of protection from fire (left hand)
Scrolls
 a - a scroll of teleportation {unknown}
 g - a scroll of blinking {unknown}
Potions
 f - 2 potions of brilliance {unknown}


   Skills:
 * Level 2.6 Dodging
 * Level 2.8 Stealth
 + Level 3.3 Spellcasting
 + Level 1.1 Transmutations
 + Level 3.8 Earth Magic


You had 4 spell levels left.
You knew the following spells:

 Your Spells              Type           Power      Damage    Failure   Level
a - Sandblast             Erth           34%        2d9       3%          1
b - Passwall              Tmut/Erth      10%        N/A       9%          2

Your spell library contained the following spells:

 Spells                   Type           Power      Damage    Failure   Level
 Stone Arrow              Conj/Erth      20%        3d8       21%         3
 Petrify                  Tmut/Erth      12%        N/A       47%         4


Dungeon Overview and Level Annotations

Branches:
Dungeon (2/15)

Altars:


Message History

Confirm with . or Enter, or press ? or * to list all spells.
Aiming: Sandblast (safe; 3% risk of failure)
Press: ? - help, Shift-Dir - straight line, f - quokka
Aim: a quokka (severely wounded, 71% to hit)
The blast of sand hits the quokka!
You kill the quokka!
Magic restored.
g - a scroll labelled KAENNO SUVUKKA
Found an escape hatch in the ceiling.
There is an escape hatch in the ceiling here.
A water moccasin skeleton comes into view.
A water moccasin skeleton is nearby!
A water moccasin skeleton is nearby!
A water moccasin skeleton is nearby!
A water moccasin skeleton is nearby!
A water moccasin skeleton is nearby!
A water moccasin skeleton is nearby!
The water moccasin skeleton bites you. x2
You closely miss the water moccasin skeleton.
The water moccasin skeleton barely misses you.
You closely miss the water moccasin skeleton.
The water moccasin skeleton bites you.
Casting: Sandblast (safe; 3% risk of failure)
Confirm with . or Enter, or press ? or * to list all spells.
Aiming: Sandblast (safe; 3% risk of failure)
Press: ? - help, Shift-Dir - straight line, f - water moccasin skeleton
Aim: a water moccasin skeleton (85% to hit)
The blast of sand hits the water moccasin skeleton!
The water moccasin skeleton is heavily damaged.
The water moccasin skeleton bites you.
Unknown command.
Casting: Sandblast (safe; 3% risk of failure)
Confirm with . or Enter, or press ? or * to list all spells.
Aiming: Sandblast (safe; 3% risk of failure)
Press: ? - help, Shift-Dir - straight line, f/p - water moccasin skeleton
Aim: a water moccasin skeleton (heavily damaged, 85% to hit)
The blast of sand hits the water moccasin skeleton!
The water moccasin skeleton is severely damaged.
The water moccasin skeleton bites you.
You die...

#...##.# #...##.#
#...##.# #...##.##
#......#####
#####............
##..........######
............#
.......@...##
.......Z#..#
........#..#
........#..#
......###..#
###### ..#


You could see a water moccasin skeleton.

Vanquished Creatures
  A giant cockroach (D:1)
  3 hobgoblins (D:1)
  3 quokkas
  A ball python (D:1)
  5 bats
  4 kobolds (D:1)
  5 rats (D:1)
22 creatures vanquished.

Notes
Turn   | Place    | Note
-------+----------+-------------------------------------------
     0 | D:1      | protoss039 the Deep Elf Earth Elementalist began the quest
                  | for the Orb.
     0 | D:1      | Reached XP level 1. HP: 10/10 MP: 6/6
   149 | D:1      | Found a faded altar of an unknown god.
   952 | D:1      | Reached XP level 2. HP: 11/15 MP: 4/8
  1674 | D:2      | Learned a level 2 spell: Passwall
  1773 | D:2      | Slain by a water moccasin skeleton

Illustrated notes

Levels and vault maps discovered:
D:1:      ebering_hopf_link, layout_basic, shapermc_ecumenical_altar_notcrosses
D:2:      minmay_alternating_diamond, layout_basic, basic_altar, uniq_jessica

Action                   || total
-------------------------++-------
Melee: Short sword       ||    47
       Unarmed           ||     1
 Cast: Sandblast         ||    13
 Stab: Sleeping          ||     5
Armor: Robe              ||     3
Dodge: Dodged            ||    32
